 Dungeon Crawl Stone Soup version 0.27-a0-1525-g1038ab4fd7 (webtiles) character file.

Game seed: 12881388962468778760

325 sizableburger the Gusty (level 6, -5/47 HPs)
             Began as a Palentonga Air Elementalist on June 19, 2021.
             Slain by a hornet (8 damage)
             ... while paralysed by a hornet
             ... on level 4 of the Dungeon on July 10, 2021.
             The game lasted 00:16:33 (4743 turns).

sizableburger the Gusty (PaAE)                      Turns: 4743, Time: 00:16:34

Health: -5/47      AC:  4    Str: 11    XL:     6   Next: 24%
Magic:  6/10       EV:  1    Int: 18    God:
Gold:   120        SH:  0    Dex: 10    Spells: 5/11 levels left

rFire    . . .     SeeInvis +   j - +0 flail (protect)
rCold    . . .     Faith    .   (no shield)
rNeg     . . .     Spirit   .   a - +0 robe
rPois    .         Reflect  .   (no helmet)
rElec    .         Harm     .   (no cloak)
rCorr    .         Rampage  .   (no gloves)
Will     .....                  (no barding)
Stlth    +.........             (no amulet)
HPRegen  0.15/turn              (no ring)
MPRegen  0.12/turn              (no ring)

@: paralysed, lethally poisoned (-5 -> -34), swift, slowed, quick
A: large, rugged brown scales 3, see invisible, deformed body, roll 1, armoured
tail
a: Rolling Charge


You were on level 4 of the Dungeon.
You visited 1 branch of the dungeon, and saw 4 of its levels.

You collected 120 gold pieces.

Inventory:

Hand Weapons
 j - a +0 flail of protection (weapon)
Armour
 a - a +0 robe (worn)
Scrolls
 b - 2 scrolls of brand weapon {unknown}
 e - a scroll of teleportation {unknown}
 g - a scroll of fear {unknown}
 i - a scroll of torment {unknown}
 k - 2 scrolls of noise {unknown}
 l - a scroll of amnesia {unknown}
Potions
 c - a potion of berserk rage {unknown}
 d - 2 potions of flight {unknown}
 f - a potion of mutation {unknown}
 h - a potion of heal wounds {unknown}


   Skills:
 + Level 1.7 Fighting
 + Level 2.5 Maces & Flails
 - Level 1.5 Dodging
 - Level 1.2 Stealth
 - Level 3.0 Spellcasting
 + Level 3.0 Conjurations
 + Level 3.6 Air Magic


You had 5 spell levels left.
You knew the following spells:

 Your Spells              Type           Power      Damage    Failure   Level
a - Shock                 Conj/Air       56%        1d6       4%          1
b - Static Discharge      Conj/Air       14%        N/A       6%          2
c - Swiftness             Air            15%        N/A       11%         3

Your spell library contained the following spells:

 Spells                   Type           Power      Damage    Failure   Level
 Magic Dart               Conj           52%        1d5       4%          1
 Beastly Appendage        Tmut           4%         N/A       16%         1
 Mephitic Cloud           Conj/Pois/Air  10%        N/A       21%         3
 Call Imp                 Summ           2%         N/A       24%         2
 Wereblood                Tmut           2%         N/A       24%         2
 Airstrike                Air            7%         N/A       36%         4
 Ozocubu's Armour         Ice            2%         N/A       43%         3
 Spider Form              Tmut/Pois      1%         N/A       43%         3
 Lightning Bolt           Conj/Air       7%         1d19      75%         5
 Ice Form                 Ice/Tmut       2%         N/A       85%         4
 Metabolic Englaciation   Hex/Ice        1%         N/A       99%         5
 Simulacrum               Ice/Necr       1%         N/A       100%        6


Dungeon Overview and Level Annotations

Branches:
Dungeon (4/15)
 Temple: D:4-7

Altars:


Innate Abilities, Weirdness & Mutations

You are completely covered in rugged brown scales. (AC +3, +7% HP)
You have supernaturally acute eyesight. (SInv)
Armour fits poorly on your strangely shaped body.
You can roll at nearby foes to attack.
You have a long armoured tail.


Message History

a +0 club; an orc skeleton A hornet comes into view.
The hornet buzzes angrily.
You see here 13 gold pieces.
A hornet is nearby!
You now have 120 gold pieces (gained 13).
Casting: Shock (safe; 4% risk of failure)
Confirm with . or Enter, or press ? or * to list all spells.
You feel quick. The hornet closely misses you.
Casting: Swiftness (dangerous; 11% risk of failure)
Confirm with . or Enter, or press ? or * to list all spells.
Aiming: Shock (safe; 4% risk of failure)
Press: ? - help, Shift-Dir - straight line The zap hits the hornet but does no damage.
The zap hits the hornet.
The hornet is lightly wounded.
The hornet stings you.
You are poisoned.
You feel yourself slow down.
Casting: Shock (safe; 4% risk of failure)
Confirm with . or Enter, or press ? or * to list all spells.
Aiming: Shock (safe; 4% risk of failure)
Press: ? - help, Shift-Dir - straight line The zap misses the hornet.
The zap hits the hornet.
The hornet is lightly wounded.
You feel yourself speed up.
You feel very sick. The hornet stings you!
You are more poisoned.
You suddenly lose the ability to move!
The hornet stings you!
You feel yourself slow down.
* * * LOW HITPOINT WARNING * * *
You feel very sick. The hornet stings you!
* * * LOW HITPOINT WARNING * * *
You are more poisoned.
You feel as though you will be slow longer.
The hornet stings you!
You die...

.. ...#######
.........#
.?.......##
...####...#####
#.....#..y@.#
#.###...###.# ##.##
#.# #.# #.# #.# #.#
#.# #.# ##.####.##
........)#
##.####..##########


You could see a hornet.

Vanquished Creatures
  An ogre (D:4)
  A scorpion (D:3)
  An orc priest (D:3)
  2 orc wizards (D:4)
  3 adders (D:2)
  2 worms (D:3)
  A dart slug (D:1)
  11 orcs
  4 ball pythons
  6 endoplasms
  A giant cockroach (D:3)
  7 goblins
  3 hobgoblins
  8 kobolds
  4 quokkas
  3 bats
  8 rats
66 creatures vanquished.

Vanquished Creatures (others)
  3 plants
3 creatures vanquished.

Grand Total: 69 creatures vanquished

Notes
Turn   | Place    | Note
-------+----------+-------------------------------------------
     0 | D:1      | sizableburger the Palentonga Air Elementalist began the
                  | quest for the Orb.
     0 | D:1      | Reached XP level 1. HP: 13/13 MP: 3/3
   262 | D:1      | Reached skill level 1 in Conjurations
   592 | D:1      | Reached XP level 2. HP: 19/20 MP: 0/5
  1530 | D:1      | Upgraded the game from 0.27-a0-1312-g5cdb2b3542 to
                  | 0.27-a0-1525-g1038ab4fd7
  1543 | D:1      | Learned a level 2 spell: Static Discharge
  1696 | D:2      | Reached XP level 3. HP: 25/25 MP: 4/6
  2793 | D:2      | Reached XP level 4. HP: 32/32 MP: 5/8
  3019 | D:3      | Noticed a scorpion
  3053 | D:3      | Killed a scorpion
  3054 | D:3      | Reached skill level 1 in Maces & Flails
  3151 | D:3      | Learned a level 3 spell: Swiftness
  3243 | D:3      | Reached XP level 5. HP: 11/38 MP: 5/9
  4265 | D:3      | Found a faded altar of an unknown god.
  4372 | D:4      | Reached skill level 1 in Fighting
  4449 | D:4      | Noticed an ogre
  4573 | D:4      | Killed an ogre
  4574 | D:4      | Reached XP level 6. HP: 26/47 MP: 2/10
  4733 | D:4      | Noticed a hornet
  4742 | D:4      | Paralysed by a hornet for 3 turns
  4743 | D:4      | Slain by a hornet

Illustrated notes

Levels and vault maps discovered:
D:1:      kilobyte_arrival_exit_the_forest, layout_rooms
D:2:      layout_basic
D:3:      layout_rooms, shapermc_ecumenical_altar_hornbeckon
D:4:      layout_loops_ring, minmay_temple_entry_trees, grunt_decor_arrowhead,
          uniq_grinder

Skill      XL: |  1  2  3  4  5 |
---------------+----------------+-----
Conjurations   | 1 2 3 |  3.0
Air Magic      | 3 |  3.6
Maces & Flails | 1 2 |  2.5
Spellcasting   | 3 |  3.0
Fighting       | 1 |  1.7
Dodging        | |  1.5
Stealth        | |  1.2

Action                   |  1- 3 |  4- 6 || total
-------------------------+-------+-------++-------
Melee: Unarmed           |     7 |       ||     7
       Dagger            |    19 |       ||    19
       Tailslap          |     3 |     7 ||    10
       Mace              |     2 |    11 ||    13
       Flail             |       |    44 ||    44
 Cast: Shock             |    48 |    46 ||    94
       Static Discharge  |     8 |     4 ||    12
       Swiftness         |       |     2 ||     2
 Abil: Rolling Charge    |     6 |     3 ||     9
Armor: Robe              |    25 |    27 ||    52
Dodge: Dodged            |    25 |    35 ||    60

Table legend: (Time is in decaauts)
 A = Elapsed time spent in this place.
 B = Non-inter-level travel time spent in this place.
 C = Inter-level travel time spent in this place.
 D = Time resting spent in this place.
 E = Time spent auto-exploring this place.
 F = Levels seen in this place.
 G = Mean time per level.
                   A        B        C        D        E       F      G
               +--------+--------+--------+--------+--------+-----+--------+
         Total |   4774 |   4568 |    206 |   1895 |   1998 |   4 | 1193.5 |
       Dungeon |   4774 |   4568 |    206 |   1895 |   1998 |   4 | 1193.5 |
               +--------+--------+--------+--------+--------+-----+--------+

Top non-repeatable levels by time:
     D:1: 1567 daAuts
     D:3: 1551 daAuts
     D:2: 1385 daAuts
     D:4: 269 daAuts
